 Dungeon Crawl Stone Soup version 0.31-a0-1355-ga19005b (webtiles) character file.

Game seed: 3079999241257810633

9099 Mandoo the Covert (level 11, -14/71 HPs)
             Began as a Kobold Brigand on Dec 22, 2023.
             Was a Priest of Dithmenos.
             Demolished by a two-headed ogre
             ... wielding a +0 giant club
              (22 damage)
             ... on level 11 of the Dungeon.
             The game lasted 00:20:16 (9798 turns).

Mandoo the Covert (Kobold Brigand)                  Turns: 9798, Time: 00:20:17

Health: -14/71     AC:  3    Str: 10    XL:     11   Next: 68%
Magic:  0/11       EV: 25    Int: 13    God:    Dithmenos [***...]
Gold:   686        SH:  0    Dex: 17    Spells: 10/10 levels left

rFire   . . .        B - +4 short sword
rCold   . . .        (no shield)
rNeg    . . .        b - +0 robe
rPois   .            (helmet restricted)
rElec   .            c - +0 cloak
rCorr   .            (no gloves)
SInv    .            (no boots)
Will    .....        G - amulet of guardian spirit
Stlth   +++++++++    l - +5 ring of evasion
HPRegen 0.31/turn    x - ring of flight
MPRegen 0.12/turn

%: guardian spirit
@: flying, wreathed by umbra
A: small, no large weapons, nightstalker 3, fangs 1, horns 1, clumsy 1,
screaming 1
a: Renounce Religion, Shadow Step


You were on level 11 of the Dungeon.
You worshipped Dithmenos.
Dithmenos was most pleased with you.
You visited 2 branches of the dungeon, and saw 12 of its levels.

You collected 686 gold pieces.

Inventory:

Hand Weapons
 B - a +4 short sword (weapon)
Missiles
 d - 35 poisoned darts (quivered)
 e - 3 curare-tipped darts
Armour
 b - a +0 robe (worn)
 c - a +0 cloak (worn)
 E - a +2 helmet
Jewellery
 l - a +5 ring of evasion (left hand)
 x - a ring of flight (right hand)
 A - a ring of fire
 G - an amulet of guardian spirit (around neck)
 J - an amulet of magic regeneration
 L - a ring of ice
Wands
 a - a wand of iceblast (12)
 r - a wand of flame (23)
 C - a wand of mindburst (1)
 D - a wand of polymorph (15)
 H - a wand of digging (4)
Scrolls
 f - 2 scrolls of blinking {unknown}
 g - 2 scrolls of fog {unknown}
 i - 4 scrolls of teleportation {unknown}
 n - 14 scrolls of identify {unknown}
 s - a scroll of noise {unknown}
 t - a scroll of fear {unknown}
 v - a scroll of enchant armour {unknown}
 w - a scroll of enchant weapon {unknown}
 y - a scroll of vulnerability {unknown}
 F - a scroll of summoning {unknown}
Potions
 h - 8 potions of curing
 j - a potion of heal wounds {unknown}
 k - 2 potions of degeneration {unknown}
 m - 2 potions of lignification {unknown}
 o - 2 potions of berserk rage {unknown}
 p - a potion of resistance {unknown}
 q - a potion of enlightenment {unknown}
 u - 6 potions of mutation
 z - 2 potions of brilliance {unknown}
 K - a potion of haste {unknown}


   Skills:
 + Level 9.5 Fighting
 - Level 10.0 Short Blades
 - Level 4.0 Throwing
 + Level 10.0 Dodging
 - Level 12.9 Stealth
 - Level 7.0 Evocations


You had 10 spell levels left.
You didn't know any spells.
Your spell library contained the following spells:

 Spells                   Type           Power      Damage    Failure   Level
 Magic Dart               Conj           0%         1d3       30%         1
 Shock                    Conj/Air       0%         1d3       30%         1
 Blink                    Tloc           0%         N/A       43%         2
 Call Imp                 Summ           0%         N/A       43%         2
 Lesser Beckoning         Tloc           0%         N/A       43%         2
 Sublimation of Blood     Necr           0%         N/A       43%         2
 Gell's Gravitas          Tloc           0%         N/A       67%         3
 Swiftness                Air            0%         N/A       67%         3
 Teleport Other           Tloc           0%         N/A       67%         3
 Airstrike                Air            0%         2d(0-16)  97%         4
 Summon Hydra             Summ           0%         N/A       100%        7


Dungeon Overview and Level Annotations

Branches:
Dungeon (11/15)            Temple (1/1) D:4            Lair (0/5) D:11
    Orc: D:9-12

Altars:
Ashenzari
Cheibriados
Dithmenos
Elyvilon
Fedhas
Gozag
Hepliaklqana
Kikubaaqudgha
Makhleb
Nemelex Xobeh
Okawaru
Qazlal
Ru
Sif Muna
Trog
Uskayaw
Vehumet
Wu Jian
Xom
Yredelemnul
Zin
The Shining One

Shops:
D:2 :   D:4 *   D:8 *

Annotations:
D:10 Fannar


Innate Abilities, Weirdness & Mutations

You are small and have problems with some larger weapons.
You are completely attuned to the shadows.
You have very sharp teeth.
You have a pair of small horns on your head.
You are clumsy. (Dex -2)
You occasionally shout uncontrollably at your foes.


Message History

You are too injured to fight recklessly!
Aiming: Mindburst
Press: ? - help, Shift-Dir - straight line, f - two-headed ogre
Aim: a two-headed ogre, wielding two +0 giant clubs (moderately wounded, umbra, chance to affect: 73%)
The two-headed ogre's minds are blasted!!
Unknown command.
Okay, then.
Throw: throwing net
Press: ? - help, Shift-Dir - straight line, f/p - two-headed ogre
Aim: a two-headed ogre, wielding two +0 giant clubs (heavily wounded, umbra, 77% to hit)
You throw a throwing net.
The throwing net barely misses the two-headed ogre.
The throwing net hits the orc priest.
The orc priest is caught in the net!
The orc priest is moderately wounded.
The two-headed ogre hits you with a +0 giant club!
* * * LOW HITPOINT WARNING * * *
The two-headed ogre hits you with a +0 giant club!
* * * LOW HITPOINT WARNING * * *
Throw: 5 darts (curare)
Press: ? - help, Shift-Dir - straight line, f/p - two-headed ogre
Aim: a two-headed ogre, wielding two +0 giant clubs (heavily wounded, umbra, 77% to hit)
You throw a curare-tipped dart.
The curare-tipped dart barely misses the two-headed ogre.
The curare-tipped dart hits the orc priest.
The orc priest is poisoned.
The orc priest convulses.
The orc priest seems to slow down.
The orc priest is moderately wounded.
The orc priest struggles against the net.
The orc priest struggles against the net.
Throw: 4 darts (curare)
Press: ? - help, Shift-Dir - straight line, f/p - two-headed ogre
Aim: a two-headed ogre, wielding two +0 giant clubs (heavily wounded, umbra, 77% to hit)
You throw a curare-tipped dart.
The curare-tipped dart hits the two-headed ogre.
The two-headed ogre is poisoned.
The two-headed ogre convulses.
The two-headed ogre seems to slow down.
The two-headed ogre is severely wounded.
The two-headed ogre misses you.
The two-headed ogre hits you with a +0 giant club!!
You die...

#...# ###.#.#
###.....###
##..../....##
##.$.........##
##.............###
#)......>........# .
#))......).....#.###..
).#.$(....P...##@.....
..##.........##.O.....
..####.....####.#.####
........ #.#o# ...[...
..... ....... ##.#.##
..<.... ..†....
.......


You could see a two-headed ogre (very poisoned, slow) and an orc priest (caught,
very poisoned, slow).

Vanquished Creatures
  Erica (D:10)
  The ghost of Squiddy the Carver, a novice HOFi of Nemelex Xobeh (D:8)
  An oklob plant (D:8)
  A hornet (D:7)
  A troll (D:10)
  Grinder (D:6)
  11 yaks
  A wraith (D:11)
  5 steam dragons
  The ghost of rotlqkf the Slasher, an amateur HuGl (D:3)
  3 vampire mosquitoes
  An acid dragon (D:8)
  2 water moccasins
  5 orc warriors
  An ice beast (D:5)
  3 sky beasts (D:7)
  An ogre (D:5)
  2 wolves (D:11)
  3 centaurs
  2 phantoms (D:5)
  3 kobold brigands
  7 bullfrogs
  2 scorpions
  12 wights
  5 killer bees (D:9)
  3 howler monkeys (D:8)
  A gnoll bouda (D:5)
  3 orc priests
  3 jellies
  A sleepcap (D:6)
  An iguana (D:5)
  Natasha (thrice) (D:4)
  3 orc wizards
  5 gnolls (D:5)
  9 adders
  3 dart slugs
  26 orcs
  7 endoplasms
  2 goblins
  12 hobgoblins
  11 jackals
  2 quokkas
  9 ball pythons
  9 bats
  3 frilled lizards
  18 kobolds
  6 rats
216 creatures vanquished.

Notes
Turn   | Place    | Note
-------+----------+-------------------------------------------
     0 | D:1      | Mandoo the Kobold Brigand began the quest for the Orb.
     0 | D:1      | Reached XP level 1. HP: 12/12 MP: 1/1
   192 | D:1      | Reached XP level 2. HP: 17/17 MP: 2/2
   691 | D:1      | Reached XP level 3. HP: 21/21 MP: 3/3
  1336 | D:2      | Identified the +0 mace of Utsiup {freeze, rF+ Str+3}
  1609 | D:2      | Reached skill level 6 in Stealth
  1807 | D:2      | Reached XP level 4. HP: 26/26 MP: 4/4
  1933 | D:2      | Found a blossoming altar of Fedhas.
  2009 | D:2      | Found Ililyso's Vocational Training.
  2401 | D:3      | Found a runed translucent door.
  2480 | D:3      | Noticed rotlqkf's ghost (amateur HuGl)
  2499 | D:3      | Killed rotlqkf's ghost
  2500 | D:3      | Reached skill level 5 in Short Blades
  2500 | D:3      | Reached XP level 5. HP: 30/30 MP: 5/5
  2500 | D:3      | Reached XP level 6. HP: 35/35 MP: 6/6
  2744 | D:3      | Reached skill level 7 in Stealth
  3577 | D:4      | Found a staircase to the Ecumenical Temple.
  3584 | Temple   | Entered the Ecumenical Temple
  3650 | Temple   | Became a worshipper of Dithmenos the Shadowed
  3746 | D:4      | Noticed Natasha
  3749 | D:4      | Killed Natasha
  3956 | D:4      | Noticed Natasha
  3973 | D:4      | Killed Natasha
  3974 | D:4      | Reached XP level 7. HP: 29/40 MP: 7/7
  4041 | D:4      | Reached skill level 8 in Stealth
  4122 | D:4      | Noticed Natasha
  4135 | D:4      | Killed Natasha
  4156 | D:4      | Found Jempaoh's General Store.
  4242 | D:4      | Reached * piety under Dithmenos
  4421 | D:5      | Entered Level 5 of the Dungeon
  4600 | D:5      | Reached skill level 9 in Stealth
  4634 | D:5      | Reached XP level 8. HP: 43/44 MP: 8/8
  4640 | D:5      | Found a sparkling altar of Nemelex Xobeh.
  4786 | D:5      | Reached skill level 10 in Stealth
  5446 | D:6      | Reached skill level 11 in Stealth
  5694 | D:6      | Reached XP level 9. HP: 48/48 MP: 9/9
  5816 | D:6      | Reached skill level 10 in Short Blades
  5968 | D:6      | Noticed Grinder
  5972 | D:6      | Killed Grinder
  5973 | D:6      | Reached skill level 12 in Stealth
  6255 | D:7      | Reached ** piety under Dithmenos
  6270 | D:7      | Reached skill level 1 in Evocations
  6596 | D:7      | Noticed a hornet
  6599 | D:7      | Killed a hornet
  6600 | D:7      | Reached XP level 10. HP: 58/58 MP: 10/10
  6862 | D:8      | Reached skill level 5 in Fighting
  6944 | D:8      | Found Himof's Overcharged Wands.
  7024 | D:8      | Reached skill level 5 in Dodging
  7330 | D:8      | Found a transporter.
  7364 | D:8      | Reached skill level 5 in Evocations
  7371 | D:8      | Noticed Squiddy's ghost (novice HOFi)
  7373 | D:8      | Found a transporter.
  7382 | D:8      | Noticed an oklob plant
  7398 | D:8      | Killed Squiddy's ghost
  7423 | D:8      | Killed an oklob plant
  7746 | D:8      | Reached XP level 11. HP: 41/67 MP: 11/11
  8351 | D:9      | Reached *** piety under Dithmenos
  9205 | D:10     | Entered Level 10 of the Dungeon
  9331 | D:10     | Found a white marble altar of Elyvilon.
  9455 | D:10     | Noticed Erica
  9459 | D:10     | Killed Erica
  9548 | D:10     | Noticed Fannar
  9685 | D:11     | Found a staircase to the Lair.
  9694 | D:11     | Gained mutation: You have a pair of small horns on your
                  | head. [potion of mutation]
  9694 | D:11     | Gained mutation: You are clumsy. (Dex -2) [potion of
                  | mutation]
  9694 | D:11     | Gained mutation: You occasionally shout uncontrollably at
                  | your foes. [potion of mutation]
  9694 | D:11     | Gained mutation: You have very sharp teeth. [potion of
                  | mutation]
  9740 | D:11     | Reached skill level 10 in Dodging
  9783 | D:11     | Noticed a two-headed ogre
  9798 | D:11     | Demolished by a two-headed ogre

Illustrated notes

Levels and vault maps discovered:
D:1:      wheals_arrival_linesprint, layout_basic, grunt_decor_clamped,
          minmay_gold_behind_fungi
D:2:      minmay_door_path, layout_basic, serial_forest,
          infiniplex_forest_split, infiniplex_forest_lined_3,
          infiniplex_forest_side_room, infiniplex_forest_lined_3,
          infiniplex_forest_clump_diagonal, infiniplex_forest_clump_curved,
          infiniplex_forest_clump_diagonal, basic_altar, nicolae_shop_vocational
D:3:      layout_basic, ebering_ghost_sewer_d
D:4:      layout_cave_pools, minmay_temple_entry_ruins, serial_shops,
          shop_statue, chequers_serial_rivers_small_b, uniq_natasha
D:5:      layout_loops_ring, nemelex_xobeh_ov_fountains_minmay,
          eino_small_chamber_without_monster, amcnicky_mini_pool_small
D:6:      layout_rooms, uniq_grinder
D:7:      cheibrodos_steamvent, layout_loops_ring
D:8:      layout_loops_corners, nzn_ghost_randoct,
          nicolae_shop_overcharged_wands
D:9:      layout_basic, hangedman_decor_lopped
D:10:     layout_cave_pools, mainiacjoe_overflow_tiny_flanked, uniq_erica,
          uniq_fannar
D:11:     layout_rooms, erik_lair_orcish_takeover, kennysheep_generic_room_9
Temple:   mainiacjoe_temple_cubbyholes

Skill      XL: |  1  2  3  4  5  6  7  8  9 10 11 |
---------------+----------------------------------+-----
Short Blades   | 3 5 6 7 9 10 | 10.0
Throwing       | 3 4 |  4.0
Stealth        | 6 7 9 11 12 | 12.9
Dodging        | 4 7 10 | 10.0
Fighting       | 4 7 9 |  9.5
Evocations     | 3 6 7 |  7.0

Action                     |  1- 3 |  4- 6 |  7- 9 | 10-12 || total
---------------------------+-------+-------+-------+-------++-------
  Melee: Dagger            |   121 |    71 |       |       ||   192
         Short sword       |       |    73 |   230 |   388 ||   691
         Punch             |       |       |     5 |     6 ||    11
         Bite              |       |       |       |    19 ||    19
         Headbutt          |       |       |       |    15 ||    15
  Throw: Dart              |       |       |     5 |     4 ||     9
         Throwing net      |       |       |       |     1 ||     1
  Evoke: Wand              |       |       |     1 |     3 ||     4
    Use: Potion            |       |     2 |       |     4 ||     6
   Stab: Sleeping          |    19 |    22 |    25 |    22 ||    88
         Invisible         |       |     4 |       |    10 ||    14
         Distracted        |       |     1 |       |     2 ||     3
 Armour: Robe              |    26 |    15 |    33 |    54 ||   128
  Dodge: Dodged            |    61 |    75 |   135 |   215 ||   486

Table legend: (Time is in decaauts)
 A = Elapsed time spent in this place.
 B = Non-inter-level travel time spent in this place.
 C = Inter-level travel time spent in this place.
 D = Time resting spent in this place.
 E = Time spent auto-exploring this place.
 F = Levels seen in this place.
 G = Mean time per level.
                   A        B        C        D        E       F      G
               +--------+--------+--------+--------+--------+-----+--------+
         Total |   9447 |   9022 |    425 |      0 |   7407 |  12 |  787.2 |
       Dungeon |   9326 |   9006 |    320 |      0 |   7407 |  11 |  847.8 |
        Temple |    121 |     16 |    105 |      0 |      0 |   1 |  121.0 |
               +--------+--------+--------+--------+--------+-----+--------+

Top non-repeatable levels by time:
     D:8: 1430 daAuts
     D:2: 1218 daAuts
     D:3: 1173 daAuts
     D:1: 1116 daAuts
     D:5: 909 daAuts
     D:9: 870 daAuts
     D:4: 730 daAuts
     D:6: 710 daAuts
     D:7: 636 daAuts
    D:10: 335 daAuts
    D:11: 194 daAuts
  Temple: 121 daAuts
